 Dungeon Crawl Stone Soup version 0.23.2-40-g277498a001 (webtiles) character file.

Game seed: 12376276535969945709

35957 Curus the Warrior (level 13, -2/128 HPs)
             Began as a Minotaur Berserker on Oct 13, 2019.
             Was the Champion of Trog.
             Drowned by a drowned soul (16 damage)
             ... summoned by a merfolk avatar
             ... on level 6 of the Lair of Beasts.
             The game lasted 00:57:29 (13033 turns).

Curus the Warrior (Minotaur Berserker)             Turns: 13033, Time: 00:57:29

Health: -2/128     AC: 31    Str: 22    XL:     13   Next: 50%
Magic:  15/15      EV:  8    Int:  7    God:    Trog [******]
Gold:   1148       SH: 11    Dex: 12    Spells: 12/12 levels left

rFire    . . .     SeeInvis .   D - +3 trident (freeze)
rCold    + . .     Gourm    .   f - +2 buckler
rNeg     . . .     Faith    .   z - +0 plate armour
rPois    .         Spirit   .   (helmet restricted)
rElec    .         Reflect  +   E - +1 cloak
rCorr    .         Harm     .   C - +0 pair of gloves
MR       ++...     Clarity  +   U - +2 pair of boots
Stlth    ..........             F - +4 amulet of reflection
HPRegen  1.31/turn              w - +6 ring of protection
MPRegen  0.14/turn              N - ring of protection from cold

@: flying, regenerating
A: retaliatory headbutt, horns 2, clarity
a: Berserk, Trog's Hand, Brothers in Arms, Renounce Religion


You were on level 6 of the Lair of Beasts.
You worshipped Trog.
Trog was exalted by your worship.
You were not hungry.

You visited 2 branches of the dungeon, and saw 17 of its levels.
You also visited: Sewer.

You collected 1148 gold pieces.

Inventory:

Hand Weapons
 a - a +1 spear
 v - a +4 spear
 x - a +1 trident
 y - a +3 antimagic glaive
 D - a +3 trident of freezing (weapon)
 M - a +4 trident
 R - a +3 antimagic great sword
Armour
 b - a +0 animal skin
 d - a +0 leather armour
 f - a +2 buckler (worn)
 r - a +0 scale mail
 z - a +0 plate armour (worn)
 C - a +0 pair of gloves (worn)
 E - a +1 cloak (worn)
 U - a +2 pair of boots (worn)
Jewellery
 n - an uncursed amulet of guardian spirit
 w - a +6 ring of protection (left hand)
 F - a +4 amulet of reflection (around neck)
 H - an uncursed ring of see invisible
 I - an uncursed amulet of magic regeneration
 K - an uncursed amulet of the gourmand
 N - a ring of protection from cold (right hand)
 Q - an uncursed ring of magical power
Wands
 e - a wand of acid (2)
 p - a wand of random effects (60)
 t - a wand of flame (18)
 A - a wand of iceblast (36)
 G - a wand of enslavement (8)
 L - a wand of polymorph (8)
 S - a wand of clouds (6)
 V - a wand of disintegration (18)
Scrolls
 g - 12 scrolls of identify
 k - 2 scrolls of blinking
 l - 6 scrolls of teleportation
 m - 8 scrolls of remove curse
 u - 5 scrolls of fear
 B - 4 scrolls of magic mapping
Potions
 h - 3 potions of invisibility
 i - 2 potions of mutation
 j - 3 potions of flight
 o - 6 potions of might
 q - a potion of curing
 s - 2 potions of berserk rage
 J - 2 potions of haste
 O - 3 potions of heal wounds
 P - 3 potions of brilliance
Comestibles
 c - 30 rations
 T - 2 chunks of flesh


   Skills:
 + Level 15.8 Fighting
 - Level 14.0 Polearms
 + Level 15.6 Armour
 - Level 2.1 Dodging
 - Level 4.0 Shields
 - Level 5.0 Evocations


You had 12 spell levels left.
You didn't know any spells.
Your spell library was empty.

Dungeon Overview and Level Annotations

Branches:
Dungeon (11/15)            Temple (0/1) D:7            Lair (6/6) D:11
 Shoals (0/4) Lair:4        Snake (0/4) Lair:4
  Slime: Lair:5-6       Orc: D:9-12

Altars:
Ashenzari
Nemelex Xobeh
Okawaru
Vehumet


Innate Abilities, Weirdness & Mutations

You reflexively headbutt those who attack you in melee.
You have a pair of horns on your head.
You possess an exceptional clarity of mind.


Message History

You are unaffected.
You puncture the drowned soul!
You destroy the drowned soul!
The merfolk avatar chants a haunting song.
You are unaffected.
Found four items.
You puncture the drowned soul!
The drowned soul is heavily damaged.
The drowned soul touches you. The drowned soul drowns you!
* * * LOW HITPOINT WARNING * * *
The merfolk avatar chants a haunting song.
You are unaffected.
Attack whom?
Press: ? - help, Dir - move target cursor, f - drowned soul
Aim: a drowned soul (summoned)
You reach to attack!
You barely miss the drowned soul.
Your plate armour prevents you from hitting the drowned soul.
The merfolk avatar chants a haunting song.
You are unaffected.
The drowned soul touches you. The drowned soul drowns you!
You die...

##.##≈≈≈≈≈
#P≈.#≈#≈≈≈#≈≈≈$:?)≈≈≈≈≈≈
##.††≈≈≈≈≈#≈≈P)≈W:≈≈≈≈≈8
.≈≈≈≈≈≈≈≈≈#≈≈≈)W≈[≈≈≈P≈8
#(≈.#≈.≈≈≈#≈≈≈)m?"≈≈≈≈≈
..P##≈≈≈≈≈#≈≈≈≈≈≈P≈≈≈#
..≈≈≈≈≈P≈≈#≈≈≈≈#≈#P≈≈#
..≈≈≈≈≈≈P≈#≈≈≈#≈≈≈≈≈≈#
...##≈#≈≈≈#.P≈≈≈@≈≈≈8#
...#.≈.#######....######## #
...P≈≈≈≈≈≈≈≈P≈≈≈#≈≈≈≈≈≈≈≈ ≈≈
§..≈P≈ ≈≈≈≈≈≈P†≈≈≈≈≈≈≈≈≈ ≈≈≈
§..##≈≈ #≈≈.#≈≈.#≈P##≈≈##≈P#
..≈##P≈##≈≈.#≈≈##≈≈.#≈≈..P≈##
..≈≈≈.≈≈..≈.≈÷†≈P.≈.≈≈≈≈≈≈≈≈.
...........††................
.#...##P##..†...#.P†.#..###.P


You could see a merfolk avatar and 2 drowned souls.

Vanquished Creatures
  Snorg (Lair:3)
  2 hydras (Lair:6)
  A two-headed ogre (D:9)
  An unseen horror (D:10)
  2 sea snakes (Lair:6)
  Pikel (D:6)
  A manticore (Lair:6)
  A merfolk siren (Lair:4)
  Maurice (D:9)
  A torpor snail (Lair:6)
  3 elephants
  Joseph (D:8)
  9 black mambas
  6 spiny frogs
  A gargoyle (D:10)
  4 rime drakes
  9 komodo dragons
  A polar bear (Lair:6)
  A troll (D:11)
  A merfolk (D:9)
  2 hornets (Lair:6)
  8 dream sheep
  7 hippogriffs
  13 blink frogs
  22 yaks
  2 basilisks
  2 wyverns (Lair:6)
  A hungry ghost (D:8)
  16 water moccasins
  Duvessa (D:6)
  2 orc warriors (D:9)
  7 porcupines
  4 black bears
  5 ice beasts
  4 sky beasts
  3 necrophages
  A phantom (D:8)
  5 ogres
  11 wolves
  A centaur (D:7)
  12 crocodiles
  A big kobold (D:8)
  15 bullfrogs
  4 scorpions
  2 wyvern skeletons (D:10)
  Dowan (D:6)
  6 killer bees (D:7)
  12 wights
  An electric eel (Lair:1)
  2 howler monkeys
  3 jellies
  4 crimson imps
  4 orc priests
  4 orc wizards
  A centaur skeleton (D:4)
  A gnoll shaman (D:6)
  3 hounds
  2 bullfrog skeletons
  2 iguanas
  8 worker ants
  A hound skeleton (D:8)
  2 worker ant zombies
  3 gnolls (D:6)
  17 adders
  4 shadow imps
  An adder zombie (D:6)
  4 worms
  2 adder skeletons (D:7)
  2 dart slugs
  13 leopard geckos
  27 orcs
  5 ball pythons
  7 giant cockroaches
  13 goblins
  14 hobgoblins
  16 jackals
  15 kobolds
  4 quokkas
  11 bats
  6 frilled lizards
  A quokka skeleton (D:8)
  7 rats
428 creatures vanquished.

Vanquished Creatures (collateral kills)
  A manticore (Lair:6)
  A spiny frog (Lair:6)
2 creatures vanquished.

Vanquished Creatures (others)
  A wight (D:6)
  A crimson imp (D:6)
  3 fungi (Lair:6)
5 creatures vanquished.

Grand Total: 435 creatures vanquished

Notes
Turn   | Place    | Note
-------+----------+-------------------------------------------
     0 | D:1      | Curus the Minotaur Berserker began the quest for the Orb.
     0 | D:1      | Reached XP level 1. HP: 19/19 MP: 0/0
   172 | D:1      | Reached XP level 2. HP: 24/26 MP: 1/1
   283 | D:1      | Gained mutation: You have large cloven feet. [potion of
                  | mutation]
   283 | D:1      | Gained mutation: Potions are less effective at restoring
                  | your health. [potion of mutation]
   283 | D:1      | Gained mutation: You have a somewhat thin skeletal
                  | structure. (Dex +2, Stealth) [potion of mutation]
   447 | D:1      | Reached skill level 5 in Polearms
   628 | D:2      | Reached XP level 3. HP: 28/31 MP: 2/2
   650 | D:2      | Reached ** piety under Trog
   868 | D:2      | Found an iron altar of Okawaru.
  1158 | D:2      | Reached XP level 4. HP: 29/39 MP: 3/3
  1813 | D:3      | Reached XP level 5. HP: 27/45 MP: 4/4
  1833 | D:3      | Reached *** piety under Trog
  2663 | D:4      | HP: 2/67 [orc/+0 club (5)]
  2896 | D:4      | Reached XP level 6. HP: 33/51 MP: 3/5
  2909 | D:4      | Found a glowing drain.
  2934 | Sewer    | Entered a sewer
  3493 | D:4      | Lost mutation: You have large cloven feet. [potion of
                  | mutation]
  3493 | D:4      | Lost mutation: You have a somewhat thin skeletal structure.
                  | (Dex +2, Stealth) [potion of mutation]
  3493 | D:4      | Lost mutation: Potions are less effective at restoring your
                  | health. [potion of mutation]
  3493 | D:4      | Gained mutation: You possess an exceptional clarity of
                  | mind. [potion of mutation]
  3495 | D:5      | Entered Level 5 of the Dungeon
  3558 | D:5      | Noticed an ice beast
  3570 | D:5      | Killed an ice beast
  3570 | D:5      | Reached XP level 7. HP: 57/57 MP: 6/6
  3623 | D:5      | Reached **** piety under Trog
  3636 | D:5      | Reached skill level 10 in Polearms
  3954 | D:5      | Reached XP level 8. HP: 59/64 MP: 5/7
  4336 | D:5      | Found a sparkling altar of Nemelex Xobeh.
  4505 | D:6      | Noticed Duvessa
  4506 | D:6      | Noticed Dowan
  4522 | D:6      | Killed Dowan
  4529 | D:6      | Killed Duvessa
  4764 | D:6      | Noticed Pikel
  4806 | D:6      | Killed Pikel
  4806 | D:6      | Reached skill level 5 in Armour
  4809 | D:6      | Reached XP level 9. HP: 26/78 MP: 3/8
  5086 | D:6      | Reached ***** piety under Trog
  5696 | D:7      | Found a staircase to the Ecumenical Temple.
  5891 | D:7      | Found a radiant altar of Vehumet.
  6065 | D:8      | Noticed Joseph
  6121 | D:8      | Killed Joseph
  6455 | D:8      | Received a gift from Trog
  6459 | D:8      | Reached XP level 10. HP: 91/91 MP: 9/9
  6804 | D:8      | Reached skill level 10 in Fighting
  7000 | D:8      | Reached skill level 10 in Armour
  7126 | D:9      | Noticed a two-headed ogre
  7135 | D:9      | Killed a two-headed ogre
  7257 | D:9      | Noticed Maurice
  7389 | D:9      | Found a shattered altar of Ashenzari.
  7393 | D:9      | Saw a vision of the Shoals and the Snake Pit.
  7393 | D:9      | Noticed a merfolk siren
  7393 | D:9      | Noticed a shock serpent
  7393 | D:9      | Noticed a shock serpent
  7393 | D:9      | Noticed a mana viper
  7393 | D:9      | Noticed a black mamba
  7895 | D:9      | Killed Maurice
  8062 | D:10     | Entered Level 10 of the Dungeon
  8106 | D:10     | Reached XP level 11. HP: 94/103 MP: 8/10
  8320 | D:10     | Noticed an unseen horror
  8337 | D:10     | Killed an unseen horror
  8658 | D:11     | Found a staircase to the Lair.
  8699 | Lair:1   | Entered Level 1 of the Lair of Beasts
  8712 | Lair:1   | Reached skill level 1 in Shields
  9045 | Lair:1   | Reached skill level 1 in Evocations
  9718 | Lair:2   | Reached XP level 12. HP: 96/115 MP: 13/13
  9958 | Lair:2   | You fall through a shaft for 2 floors!
 10002 | Lair:4   | Found a staircase to the Shoals.
 10006 | Lair:4   | Found a staircase to the Snake Pit.
 10238 | Lair:3   | Reached ****** piety under Trog
 10303 | Lair:3   | Reached skill level 5 in Evocations
 10471 | Lair:3   | Noticed Snorg
 10491 | Lair:3   | Killed Snorg
 10801 | Lair:3   | Found an iron altar of Okawaru.
 11715 | Lair:4   | Received a gift from Trog
 12581 | Lair:6   | Entered Level 6 of the Lair of Beasts
 12596 | Lair:6   | Reached XP level 13. HP: 114/125 MP: 15/15
 12766 | Lair:6   | Reached skill level 15 in Fighting
 12850 | Lair:6   | Reached skill level 15 in Armour
 12973 | Lair:6   | HP: 4/127 [polar bear (23)]
 13033 | Lair:6   | Drowned by a drowned soul

Skill      XL: |  1  2  3  4  5  6  7  8  9 10 11 12 13 |
---------------+----------------------------------------+-----
Polearms       | 4 5 6 8 9 11 12 13 14 | 14.0
Fighting       | 6 9 12 13 14 15 | 15.8
Armour         | 5 9 11 12 14 15 | 15.6
Shields        | 4 |  4.0
Evocations     | 3 5 |  5.0
Dodging        | |  2.1

Action                   |  1- 3 |  4- 6 |  7- 9 | 10-12 | 13-15 || total
-------------------------+-------+-------+-------+-------+-------++-------
Melee: Spear             |   133 |   182 |   455 |   115 |       ||   885
       Headbutt          |    12 |    27 |    69 |   176 |    49 ||   333
       Kick              |    12 |    30 |       |       |       ||    42
       Trident           |       |       |       |   859 |   200 ||  1059
Invok: Berserk           |       |     1 |     2 |       |     1 ||     4
       Trog's Hand       |       |       |       |       |     2 ||     2
       Brothers in Arms  |       |       |       |       |     1 ||     1
Evoke: Wand              |       |       |     1 |       |     2 ||     3
  Use: Scroll            |     8 |     4 |     2 |     8 |       ||    22
       Potion            |     4 |     5 |     1 |     3 |     3 ||    16
 Stab: Sleeping          |       |     4 |       |       |       ||     4
       Distracted        |       |       |       |       |     1 ||     1
  Eat: Chunk             |     1 |     8 |    11 |    21 |     4 ||    45
Armor: Leather armour    |    21 |     5 |       |       |       ||    26
       Scale mail        |       |     9 |    70 |     1 |       ||    80
       Plate armour      |       |       |       |   357 |    56 ||   413
Dodge: Dodged            |    44 |    50 |    83 |   175 |    32 ||   384
Block: Buckler           |     5 |    10 |    39 |   217 |    51 ||   322
       Reflection        |       |       |       |     1 |       ||     1
